Map: Vaani Research Station (Void)

Players

Emil - Winner!

  • Race: Zerg Zerg
  • Spawn Location: 6:00

Xplicit

  • Race: Protoss Protoss
  • League: Diamond
  • Spawn Location: 12:00

VOD

Have the link to the VOD?

Description

Time

  • Played on: Nov. 23, 2016, 7:20 a.m.
  • Length: 13:53
Show
View Real Time Build Order
Export as new Build Order

Emil Zerg - Winner!

Build Orders: Pool First 

Get SALT Encoding   

  12  0:22  Spawning Pool  
  11  0:35  Overlord  
  11  0:38  Drone  
  11  0:39  Drone  
  13  1:10  Zergling x4  
  15  1:13  Zergling x2  
  16  1:28  Zergling x2  
  16  1:29  Hatchery  
  16  1:30  Extractor  
  15  1:40  Queen  
  15  1:43  Drone  
  18  1:53  Drone  
  19  1:58  Drone  
  20  2:18  Drone x2  
  19  2:30  Drone  
  19  2:37  Metabolic Boost  
  19  2:41  Drone x2  
  21  2:52  Drone x2  
  23  3:01  Evolution Chamber  
  23  3:02  Zergling x2  
  23  3:07  Zergling x2  
  23  3:08  Baneling Nest  
  23  3:14  Zergling x8  
  27  3:25  Zergling x2  
  28  3:28  Overlord  
  28  3:43  Overlord  
  28  3:56  Zergling x12  
  28  3:59  Baneling x2  
  34  4:05  Baneling  
  34  4:06  Zergling x2, Baneling  
  34  4:07  Zergling x2  
  36  4:11  Drone x2  
  38  4:26  Drone  
  38  4:27  Drone x2  
  40  4:49  Drone x4  
  40  5:06  Drone  
  40  5:07  Drone x3  
  42  5:15  Zergling x4  
  42  5:16  Baneling x4  
  42  5:17  Baneling x3  
  43  5:24  Overlord  
  43  5:25  Overlord  
  43  5:26  Zerg Melee Weapons Level 1  
  43  5:28  Extractor  
  40  5:51  Zergling x8  
  40  6:06  Zergling x14  
  46  6:12  Queen x2  
  46  6:16  Zergling x2  
  46  6:17  Zergling x2  
  50  6:21  Zergling x2  
  51  6:34  Baneling x5  
  51  6:35  Hatchery, Zergling x2, Baneling x3  
  51  6:36  Zergling x2  
  51  6:37  Overlord x2  
  51  6:55  Queen  
  46  7:13  Zergling x8  
  48  7:21  Zergling x10  
  51  7:27  Roach Warren  
  46  7:32  Zergling x8  
  46  7:35  Spore Crawler  
  46  7:36  Queen  
  49  7:40  Zergling x2  
  49  7:41  Zergling x2, Spore Crawler  
  52  7:44  Queen  
  52  7:48  Spine Crawler  
  52  8:07  Drone  
  52  8:08  Drone x7  
  52  8:12  Queen  
  58  8:19  Drone  
  58  8:20  Drone x3  
  58  8:28  Drone  
  58  8:40  Drone  
  58  8:41  Drone  
  59  8:49  Zergling x2  
  59  8:50  Zergling x2  
  59  8:51  Lair  
  61  8:57  Zergling x2  
  61  8:58  Zergling x2  
  63  9:09  Zergling x4  
  63  9:15  Extractor  
  63  9:16  Extractor  
  59  9:19  Zergling x2  
  60  9:24  Pneumatized Carapace  
  60  9:35  Zergling x10  
  65  9:51  Spine Crawler  
  64  9:53  Baneling  
  64  9:54  Baneling x2  
  64  9:55  Baneling x2  
  64  9:56  Baneling  
  64  10:01  Zergling x2  
  64  10:02  Zergling x16  
  73  10:22  Drone  
  73  10:24  Overlord x3  
  73  10:26  Overlord  
  73  10:27  Overlord x2  
  69  10:54  Drone x2  
  69  10:55  Drone x9  
  78  11:02  Spire, Zerg Melee Weapons Level 2  
  77  11:07  Extractor  
  76  11:14  Baneling  
  76  11:15  Baneling  
  76  11:18  Overlord x2  
  76  11:25  Baneling  
  76  11:26  Baneling x16  
  76  11:27  Zergling x2  
  76  11:28  Zergling x12  
  81  11:52  Overlord x5  
  80  12:05  Extractor  
  76  12:11  Overlord x4  
  76  12:15  Mutalisk x5  
  78  12:18  Zergling x6  
  78  12:19  Zergling x24  
  101  12:33  Mutalisk  
  101  12:34  Mutalisk x2  
  107  12:45  Mutalisk  
  109  13:04  Baneling  
  109  13:05  Baneling x14  
  109  13:09  Hatchery  
  108  13:13  Zergling x2  
  108  13:14  Zergling x16  
Show
View Real Time Build Order
Export as new Build Order

Xplicit Protoss 

Build Orders:  

Get SALT Encoding   

  12  0:00  Probe (Chrono Boost)  
  13  0:11  Probe (Chrono Boost)  
  14  0:21  Pylon  
  14  0:23  Probe (Chrono Boost)  
  15  0:39  Gateway  
  15  0:40  Probe (Chrono Boost)  
  16  0:46  Assimilator  
  16  0:51  Probe (Chrono Boost)  
  17  0:58  Gateway  
  17  1:03  Probe (Chrono Boost)  
  18  1:13  Probe (Chrono Boost)  
  19  1:24  Probe (Chrono Boost)  
  20  1:26  Cybernetics Core  
  20  1:35  Probe (Chrono Boost)  
  21  1:50  Nexus  
  21  1:54  Assimilator  
  21  1:59  Adept  
  23  2:09  Pylon  
  18  2:36  Probe (Chrono Boost)  
  17  2:38  Sentry  
  17  2:43  Warp Gate  
  19  2:48  Probe (Chrono Boost)  
  20  3:00  Probe (Chrono Boost)  
  20  3:02  Probe (Chrono Boost)  
  22  3:12  Probe (Chrono Boost)  
  24  3:13  Probe (Chrono Boost)  
  24  3:19  Adept  
  24  3:20  Pylon  
  24  3:23  Probe (Chrono Boost)  
  24  3:24  Probe (Chrono Boost)  
  28  3:34  Probe (Chrono Boost)  
  29  3:36  Probe (Chrono Boost)  
  30  3:44  Probe (Chrono Boost)  
  32  3:48  Probe (Chrono Boost)  
  32  3:52  Robotics Facility  
  32  3:55  Probe (Chrono Boost), Assimilator  
  33  4:01  Probe (Chrono Boost)  
  34  4:05  Probe (Chrono Boost)  
  35  4:13  Probe (Chrono Boost)  
  35  4:16  Probe (Chrono Boost)  
  37  4:18  Twilight Council  
  38  4:25  Probe (Chrono Boost)  
  38  4:26  Probe (Chrono Boost)  
  37  4:37  Probe (Chrono Boost)  
  36  4:39  Pylon  
  25  4:57  Adept x2  
  22  5:09  Probe (Chrono Boost)  
  22  5:11  Probe (Chrono Boost)  
  24  5:20  Mothership Core (Chrono Boost)  
  26  5:28  Probe (Chrono Boost), Pylon  
  27  5:35  Stalker  
  29  5:40  Probe (Chrono Boost)  
  30  5:48  Probe (Chrono Boost)  
  31  5:52  Probe (Chrono Boost)  
  30  6:09  Probe (Chrono Boost)  
  30  6:10  Probe (Chrono Boost)  
  30  6:22  Gateway  
  31  6:26  Probe (Chrono Boost)  
  31  6:27  Probe (Chrono Boost)  
  32  6:37  Pylon  
  32  6:39  Probe (Chrono Boost)  
  33  6:41  Warp Prism  
  33  6:44  Adept  
  37  6:48  Probe (Chrono Boost)  
  37  6:51  Probe (Chrono Boost)  
  39  6:59  Gateway  
  28  7:22  Adept  
  23  7:33  Gateway  
  23  7:46  Probe (Chrono Boost)  
  23  7:47  Probe (Chrono Boost)  
  25  8:00  Adept  
  27  8:06  Pylon  
  27  8:07  Adept  
  29  8:21  Pylon  
  29  8:25  Adept  
  28  8:48  Adept x2  
  31  9:12  Probe (Chrono Boost)  
  31  9:13  Probe (Chrono Boost)  
  34  9:25  Probe x2 (Chrono Boost)  
  35  9:35  Probe (Chrono Boost)  
  35  9:37  Probe (Chrono Boost)  
  37  9:41  Adept  
  39  9:48  Pylon  
  39  9:56  Probe (Chrono Boost)  
  40  10:08  Stalker  
  40  10:10  Probe (Chrono Boost)  
  40  10:11  Probe (Chrono Boost)  
  36  11:03  Probe (Chrono Boost)  
  38  11:05  Probe (Chrono Boost)  
  38  11:13  Adept x2  
  38  11:14  Probe (Chrono Boost)  
  38  11:17  Probe (Chrono Boost)  
  44  11:19  Gateway x2  
  44  11:23  Gateway  
  44  11:24  Probe (Chrono Boost)  
  44  12:09  Probe (Chrono Boost)  
  44  12:11  Probe (Chrono Boost)  
  46  12:19  Twilight Council  
  46  12:20  Probe (Chrono Boost)  
  48  12:23  Probe (Chrono Boost), Stalker, Forge  
  48  12:29  Observer  
  51  12:30  Probe (Chrono Boost)  
  51  12:35  Probe (Chrono Boost)  
  53  12:41  Probe (Chrono Boost)  
  54  12:47  Probe (Chrono Boost)  
  55  12:51  Probe (Chrono Boost)  
  57  12:59  Probe (Chrono Boost)  
  57  13:03  Probe (Chrono Boost)  
  58  13:11  Probe (Chrono Boost)  
  59  13:15  Probe (Chrono Boost)  
  60  13:23  Probe (Chrono Boost)  
Tags
 
Add a new tag
Caveats
  • Supply blocks, unpowered buildings, or Contaminate may cause inaccurate times.
  • Supply counts are checked every 10 seconds.